 Dungeon Crawl Stone Soup version 0.28.0 (webtiles) character file.

Game seed: 2596469304858328806

10 SnakkuSnakku7 the Grave Robber (level 2, 19/19 HPs)
             Began as a Barachi Necromancer on Feb 14, 2022.
             Got out of the dungeon alive.
             The game lasted 00:00:41 (527 turns).

SnakkuSnakku7 the Grave Robber (Barachi Necromancer) Turns: 527, Time: 00:00:41

Health: 19/19      AC:  2    Str:  9    XL:     2   Next: 20%
Magic:  5/5        EV: 12    Int: 15    God:
Gold:   17         SH:  0    Dex: 12    Spells: 4/5 levels left

rFire   . . .      SeeInvis .   d - +0 dagger
rCold   . . .      Faith    .   (no shield)
rNeg    . . .      Spirit   .   a - +0 robe
rPois   .          Reflect  .   (no helmet)
rElec   .          Harm     .   (no cloak)
rCorr   .          Rampage  .   (no gloves)
Will    .....                   (no boots)
Stlth   ++........              (no amulet)
HPRegen 0.06/turn               (no ring)
MPRegen 0.09/turn               (no ring)

@: slow
A: amphibious, slowness 1, strong legs 1, +LOS
a: Hop


You escaped.
You visited 1 branch of the dungeon, and saw 1 of its levels.

You collected 17 gold pieces.

Inventory:

Hand Weapons
 d - a +0 dagger (weapon)
Armour
 a - a +0 robe (worn)
Scrolls
 b - a scroll of identify {unknown}
 c - a scroll of enchant armour {unknown}


   Skills:
 - Level 2.1 Dodging
 - Level 1.7 Stealth
 - Level 2.1 Spellcasting
 + Level 4.1 Necromancy


You had 4 spell levels left.
You knew the following spells:

 Your Spells              Type           Power      Damage    Failure   Level
a - Pain                  Necr           56%        1d6       4%          1

Your spell library contained the following spells:

 Spells                   Type           Power      Damage    Failure   Level
 Animate Skeleton         Necr           28%        N/A       4%          1
 Vampiric Draining        Necr           14%        2d7       12%         3
 Animate Dead             Necr           7%         N/A       36%         4
 Agony                    Necr           14%        N/A       73%         5


Dungeon Overview and Level Annotations

Branches:
Dungeon (1/15)

Altars:
Okawaru


Innate Abilities, Weirdness & Mutations

You are amphibious.
You cover ground slowly.
You can hop short distances.
You have an extended range of vision and can be seen from far away.


Message History

You see here a hobgoblin corpse.
You start resting.
You are ready to hop once more.
You start resting.
Magic restored.
A bat comes into view.
There is a faded altar of an unknown god here.
You see here a scroll of immolation.
You cannot tell which god this altar belongs to.
Convert to them anyway?
Okawaru accepts your prayer! Okawaru welcomes you!
You can now gain great but temporary skills.
Unknown command.
Press < or > to pray at altars.
Really renounce your faith, foregoing its fabulous benefits?
Are you sure?
You have lost your religion!
Okawaru does not appreciate desertion!
You start resting.
HP restored.
A bat is nearby!
A bat is nearby!
A bat is nearby!
You now have 17 gold pieces.
There are no items here.
The bat hits you.
Aiming: Pain (safe; 4% risk of failure)
Press: ? - help, Q - select action, (/) - cycle Shift-Dir - straight line, f - bat
Aim: a bat (chance to affect: 83%)
The bat writhes in agony.
You kill the bat!
Magic restored.
There is an open door here.
There is an open door here.
There is an open door here.
There is a staircase leading out of the dungeon here.
Are you sure you want to leave the Dungeon?
This will make you lose the game!
Uppercase [Y]es or [N]o only, please.
Are you sure you want to leave the Dungeon?
This will make you lose the game!
You have escaped!

#### ####
##..##########..##
#....#......#..†.#
#@...#......'....#
##..##########..##
##'#8.......##'#.
#..#.P.P.P..#..#.
#..#....P...#..#.
#..#.P...P..#..#.
#..#8.P.....#..#.
#..#.P.P.P..#..#.
#..#..P.P........


There were no monsters in sight!

Vanquished Creatures
  A ball python (D:1)
  An endoplasm (D:1)
  A goblin (D:1)
  3 hobgoblins (D:1)
  2 bats (D:1)
  A rat (D:1)
9 creatures vanquished.

Notes
Turn   | Place    | Note
-------+----------+-------------------------------------------
     0 | D:1      | SnakkuSnakku7 the Barachi Necromancer began the quest for
                  | the Orb.
     0 | D:1      | Reached XP level 1. HP: 13/13 MP: 3/3
   144 | D:1      | Found a faded altar of an unknown god.
   151 | D:1      | Reached skill level 4 in Necromancy
   151 | D:1      | Reached XP level 2. HP: 12/19 MP: 1/5
   234 | D:1      | Prayed at the altar of an unknown god.
   234 | D:1      | Became a worshipper of Warmaster Okawaru
   234 | D:1      | Reached * piety under Okawaru
   235 | D:1      | Fell from the grace of Okawaru
   527 | D:$      | Got out of the dungeon alive.

Illustrated notes

Levels and vault maps discovered:
D:1:      sevenhm_arrival_forest_fort_large_4, layout_rooms,
          hellmonk_ecumenical_altar_blasted, chequers_jeans

Skill      XL: |  1 |
---------------+----+-----
Necromancy     | 4 |  4.1
Dodging        | |  2.1
Stealth        | |  1.7
Spellcasting   | |  2.1

Action                   || total
-------------------------++-------
Melee: Dagger            ||     8
 Cast: Pain              ||    14
Invok: Renounce Religion ||     1
 Abil: Hop               ||     1
Armor: Robe              ||     1
Dodge: Dodged            ||     7
